 Dungeon Crawl Stone Soup version 0.28.0-53-g5a82cb258f (webtiles) character file.

Game seed: 1412183532726007248

103 Sanktem7 the Chopper (level 4, -5/42 HPs)
             Began as a Minotaur Berserker on July 1, 2022.
             Was a Believer of Trog.
             Slain by an orc priest
             ... wielding a +0 hand axe
              (6 damage)
             ... on level 3 of the Dungeon.
             The game lasted 00:03:25 (2622 turns).

Sanktem7 the Chopper (Minotaur Berserker)           Turns: 2622, Time: 00:03:26

Health: -5/42      AC:  2    Str: 23    XL:     4   Next: 51%
Magic:  3/3        EV: 16    Int:  4    God:    Trog [**....]
Gold:   149        SH:  0    Dex: 10    Spells: 3/3 levels left

rFire   . . .      SeeInvis .   a - +0 hand axe {axe}
rCold   . . .      Faith    .   (no shield)
rNeg    . . .      Spirit   .   b - +0 animal skin
rPois   .          Reflect  .   (helmet restricted)
rElec   .          Harm     .   (no cloak)
rCorr   .          Rampage  .   (no gloves)
Will    .....                   (no boots)
Stlth   +.........              (no amulet)
HPRegen 0.14/turn               l - +4 ring of evasion
MPRegen 0.08/turn               (no ring)

@: no status effects
A: horns 2, retaliatory headbutt
a: Renounce Religion, Berserk, Trog's Hand


You were on level 3 of the Dungeon.
You worshipped Trog.
Trog was pleased with you.
You visited 1 branch of the dungeon, and saw 3 of its levels.

You collected 149 gold pieces.


Innate Abilities, Weirdness & Mutations

You have a pair of horns on your head.
You reflexively headbutt those who attack you in melee.


   Skills:
 * Level 5.2 Fighting
 * Level 5.2 Axes
 - Level 2.4 Armour
 - Level 2.1 Dodging


You had 3 spell levels left.
You didn't know any spells.
Your spell library was empty.

Inventory:

Hand Weapons
 a - a +0 hand axe (weapon) {axe}
 o - a +2 dagger of freezing {short}
   (You took it off a goblin on level 2 of the Dungeon)
Missiles
 c - 96 stones (quivered) {throwing}
 e - 34 sling bullets
 f - 13 arrows
 m - 28 bolts
 n - 6 poisoned darts {throwing}
Armour
 b - a +0 animal skin (worn)
Jewellery
 l - a +4 ring of evasion (left hand)
   (You found it on level 2 of the Dungeon)
Scrolls
 h - 2 scrolls of blinking {!r}
 j - a scroll of amnesia
Potions
 d - a potion of flight {unknown}
 g - a potion of cancellation {unknown}
 i - 2 potions of attraction {!q}
 k - 2 potions of degeneration {unknown}

Dungeon Overview and Level Annotations

Branches:
Dungeon (3/15)

Altars:
Nemelex Xobeh

Shops:
D:2 ( D:3

[
#.#.#.......######
.............#
#...###.....##
#...###....##
...........#
##..###.##)#
#..###.##+##
#......#o..##
##.####@.<..#
#.......#
#.........#
+.........+
#.........#
##.......##
##.....## ##...##


You could see an orc priest.


Message History

The goblin shouts!
A quokka comes into view.
The goblin hits you with a +0 club. 😕 HP[-4]
You take 4 damage, and now have 38/42 hp.
You hit the goblin.
The goblin hits you with a +0 club. 😕 HP[-3]
You take 3 damage, and now have 35/42 hp.
You closely miss the goblin. Your headbutt misses the goblin.
The goblin hits you with a +0 club. 😕 HP[-1]
You take 1 damage, and now have 34/42 hp.
You slash the goblin!
You kill the goblin!
Trog accepts your kill.
You hit the quokka but do no damage. The quokka completely misses you.
The quokka bites you.
You closely miss the quokka. The quokka barely misses you.
You hit the quokka but do no damage. Your headbutt misses the quokka.
The quokka bites you but does no damage.
A quokka is nearby!
Unknown command.
You hit the quokka. The quokka closely misses you. You furiously retaliate!
You headbutt the quokka!
You kill the quokka!
Trog accepts your kill.
You see here a quokka corpse.
You see here a quokka corpse.
Things that are here:
a +0 club {mace}; a goblin corpse; 😎 HP[+8]
Your hp is fully restored (42).
You now have 149 gold pieces (gained 8).
An orc comes into view. It is wielding a +1 flail of venom.
The orc shouts!
You hear a shout!
An orc comes into view. It is wielding a +0 short sword.
An orc priest comes into view. It is wielding a +0 hand axe.
An orc comes into view. It is wielding a +0 dagger.
The orc moves out of view.
The orc shouts!
There are monsters nearby!
The orc priest shouts!
The orc priest calls down the wrath of Beogh upon you.
Beogh smites you! 😮 HP[-15]
You take 15 damage, and now have 27/42 hp.
MASSIVE DAMAGE!! (PAUSE)
An orc comes into view. It is wielding a +0 falchion.
The orc shouts!
The orc priest looks encouraged for a moment.
Found a stone staircase leading up.
The orc barely misses you. You furiously retaliate!
You headbutt the orc!
You kill the orc!
Trog accepts your kill.
You hit the orc.
The orc hits you with a +0 dagger. 😮 HP[-1]
You take 1 damage, and now have 26/42 hp.
You barely miss the orc. The orc misses you. 😮 HP[+1]
You hit the orc. The orc closely misses you.
You barely miss the orc.
The orc hits you with a +0 dagger. 😮 HP[-3]
You take 3 damage, and now have 24/42 hp.
You closely miss the orc. The orc misses you.
You hit the orc.
The orc priest looks satisfied for a moment.
You hit the orc. You headbutt the orc.
You kill the orc!
Trog accepts your kill.
The orc priest invokes the aid of Beogh against you.
Beogh smites you!
* * * LOW HITPOINT WARNING * * *
😱 HP[-16]
You take 16 damage, and now have 8/42 hp.
MASSIVE DAMAGE!! (PAUSE)
You hit the orc but do no damage. The orc completely misses you.
You furiously retaliate!
You headbutt the orc, but do no damage. You slash the orc!
You kill the orc!
Trog accepts your kill. 😱 HP[+1]
You hit the orc.
You kill the orc!
Trog accepts your kill. The orc priest closely misses you.
Items here: )))) [[ ††††.
You hit the orc priest but do no damage.
The orc priest closely misses you.
You hit the orc priest but do no damage.
The orc priest hits you with a +0 hand axe.
* * * LOW HITPOINT WARNING * * *
😱 HP[-5]
You take 5 damage, and now have 4/42 hp.
You barely miss the orc priest. Your headbutt misses the orc priest.
The orc priest hits you with a +0 hand axe.
* * * LOW HITPOINT WARNING * * *
😱 HP[-3]
You take 3 damage, and now have 1/42 hp.
You hit the orc priest.
The orc priest hits you with a +0 hand axe.
You die...

Skill      XL: |  1  2  3  4 |
---------------+-------------+-----
Fighting       | 4 5 |  5.2
Axes           | 4 5 |  5.2
Armour         | |  2.4
Dodging        | |  2.1

Action                   |  1- 3 |  4- 6 || total
-------------------------+-------+-------++-------
Melee: Hand axe          |    82 |    35 ||   117
       Headbutt          |    11 |     2 ||    13
  Use: Scroll            |       |     3 ||     3
 Stab: Sleeping          |       |     2 ||     2
Armor: Animal skin       |    15 |     1 ||    16
Dodge: Dodged            |    50 |    25 ||    75

Levels and vault maps discovered:
D:1:      erik_arrival_orb_chamber, layout_loops_corners,
          shapermc_ecumenical_altar_starsandcircs
D:2:      layout_basic, serial_shops, nicolae_shop_behind_doors, basic_altar
D:3:      layout_loops_corners, serial_shops, shop

Notes
Turn   | Place    | Note
-------+----------+-------------------------------------------
     0 | D:1      | Sanktem7 the Minotaur Berserker began the quest for the
                  | Orb.
     0 | D:1      | Reached XP level 1. HP: 19/19 MP: 0/0
     0 | D:1      | magus.rc [v1.9.6]
   309 | D:1      | Reached skill level 4 in Fighting
   309 | D:1      | Reached skill level 4 in Axes
   309 | D:1      | Reached XP level 2. HP: 27/27 MP: 1/1
   566 | D:1      | Found a faded altar of an unknown god.
  1169 | D:2      | Found Tupy's Weapon Shop.
  1175 | D:2      | Reached XP level 3. HP: 34/34 MP: 2/2
  1203 | D:2      | Found a sparkling altar of Nemelex Xobeh.
  1262 | D:2      | Reached ** piety under Trog
  1836 | D:2      | Reached skill level 5 in Axes
  1836 | D:2      | Reached XP level 4. HP: 33/41 MP: 3/3
  1931 | D:3      | Reached skill level 5 in Fighting
  2442 | D:3      | Found Myxtoazxa's Armour Boutique.
  2614 | D:3      | HP: 8/42 [orc priest/divine providence (16)]
  2620 | D:3      | HP: 4/42 [orc priest/+0 hand axe (5)]
  2621 | D:3      | HP: 1/42 [orc priest/+0 hand axe (3)]
  2622 | D:3      | Slain by an orc priest

Vanquished Creatures
  3 adders
  2 worms
  2 dart slugs
  4 orcs (D:3)
  5 endoplasms
  2 giant cockroaches (D:1)
  8 goblins
  5 hobgoblins
  4 quokkas
  4 ball pythons
  7 bats
  3 frilled lizards
  4 kobolds
  5 rats
58 creatures vanquished.

Table legend:
 A = Non-vault XP
 B = Vault XP
 C = Vault XP percentage of total XP
 D = Non-vault monster count
 E = Vault monster count
 F = Vault count percentage of total count
                 A         B        C        D         E       F
            +---------+---------+-------+---------+---------+-------
      Total |     148 |       0 |   0.0 |      58 |       0 |   0.0
            +---------+---------+-------+---------+---------+-------
        D:1 |      40 |       0 |   0.0 |      22 |       0 |   0.0
        D:2 |      65 |       0 |   0.0 |      22 |       0 |   0.0
        D:3 |      43 |       0 |   0.0 |      14 |       0 |   0.0
            +---------+---------+-------+---------+---------+-------

Illustrated notes

Table legend:
 A = Kills in this place as a percentage of kills in entire the game.
 B = Kills by you in this place as a percentage of kills by you in the entire game.
 C = Kills by friends in this place as a percentage of kills by friends in the entire game.
 D = Other kills in this place as a percentage of other kills in the entire game.
 E = Experience gained in this place as a percentage of experience gained in the entire game.
 F = Experience gained in this place divided by the number of levels of this place that you have seen.
                   A       B       C       D       E      F
               +-------+-------+-------+-------+-------+----------------------
         Total | 100.0 | 100.0 |   N/A |   N/A | 100.0 |  49.3
       Dungeon | 100.0 | 100.0 |   N/A |   N/A | 100.0 |  49.3
               +-------+-------+-------+-------+-------+----------------------

Table legend: (Time is in decaauts)
 A = Elapsed time spent in this place.
 B = Non-inter-level travel time spent in this place.
 C = Inter-level travel time spent in this place.
 D = Time resting spent in this place.
 E = Time spent auto-exploring this place.
 F = Levels seen in this place.
 G = Mean time per level.
                   A        B        C        D        E       F      G
               +--------+--------+--------+--------+--------+-----+--------+
         Total |   2630 |   2610 |     20 |     81 |   2207 |   3 |  876.7 |
       Dungeon |   2630 |   2610 |     20 |     81 |   2207 |   3 |  876.7 |
               +--------+--------+--------+--------+--------+-----+--------+

Top non-repeatable levels by time:
     D:1: 1173 daAuts
     D:2: 761 daAuts
     D:3: 695 daAuts
